 Dungeon Crawl Stone Soup version 0.30.1-9-gdf580d7c3d (webtiles) character file.

Game seed: 18181210504834576475

21 bearlyready the Digger (level 2, 0/20 HPs)
             Began as a Gnoll Earth Elementalist on Sept 24, 2023.
             Slain by a kobold
             ... wielding a +0 whip of electrocution
              (20 damage)
             ... on level 1 of the Dungeon.
             The game lasted 00:01:18 (533 turns).

bearlyready the Digger (Gnoll Earth Elementalist)    Turns: 533, Time: 00:01:18

Health: 0/20       AC: 10    Str:  7    XL:     2   Next: 87%
Magic:  7/7        EV: 10    Int: 14    God:
Gold:   0          SH:  0    Dex: 12    Spells: 9/10 levels left

rFire   . . .        j - +0 sling
rCold   . . .        (no shield)
rNeg    . . .        g - +0 ring mail
rPois   .            (no helmet)
rElec   .            d - +0 cloak
rCorr   .            (no gloves)
SInv    .            (no boots)
Will    .....        (no amulet)
Stlth   ++           m - ring of wizardry
HPRegen 0.23/turn    k - +4 ring of protection
MPRegen 0.10/turn

%: wizardry (x1)
@: no status effects
A: fangs 1, strong nose, distributed training
a: no special abilities


You were on level 1 of the Dungeon.
You visited 1 branch of the dungeon, and saw 1 of its levels.

Inventory:

Hand Weapons
 i - a +0 hand axe
 j - a +0 sling (weapon)
Missiles
 h - 11 stones
Armour
 a - a +0 robe
 d - a +0 cloak (worn)
 g - a +0 ring mail (worn)
Jewellery
 k - a +4 ring of protection (right hand)
 m - a ring of wizardry (left hand)
Scrolls
 c - a scroll of magic mapping {unknown}
 e - a scroll of vulnerability {unknown}
 l - a scroll of enchant armour {unknown}
Potions
 b - a potion of magic
 f - a potion of heal wounds {unknown}


   Skills:
 + Level 0.5 Fighting
 + Level 0.5 Short Blades
 + Level 0.5 Long Blades
 + Level 0.5 Axes
 + Level 0.5 Maces & Flails
 + Level 0.5 Polearms
 + Level 0.5 Staves
 + Level 0.5 Ranged Weapons
 + Level 0.5 Throwing
 + Level 0.5 Armour
 + Level 4.5 Dodging
 + Level 4.1 Stealth
 + Level 0.5 Shields
 + Level 0.5 Unarmed Combat
 + Level 4.9 Spellcasting
 + Level 0.4 Conjurations
 + Level 0.4 Hexes
 + Level 0.4 Summonings
 + Level 0.4 Necromancy
 + Level 0.4 Translocations
 + Level 2.0 Transmutations
 + Level 0.4 Fire Magic
 + Level 0.4 Ice Magic
 + Level 0.4 Air Magic
 + Level 5.4 Earth Magic
 + Level 0.4 Poison Magic
 + Level 0.7 Invocations
 + Level 0.5 Evocations


You had 9 spell levels left.
You knew the following spells:

 Your Spells              Type           Power      Damage    Failure   Level
a - Sandblast             Erth           36%        2d10      2%          1

Your spell library contained the following spells:

 Spells                   Type           Power      Damage    Failure   Level
 Passwall                 Tmut/Erth      10%        N/A       9%          2
 Stone Arrow              Conj/Erth      22%        3d8       22%         3
 Petrify                  Tmut/Erth      13%        N/A       45%         4


Dungeon Overview and Level Annotations

Branches:
Dungeon (1/15)

Altars:


Innate Abilities, Weirdness & Mutations

You have very sharp teeth.
Your uncanny sense of smell can sniff out nearby items.
Your experience applies equally to all skills.


Message History

You open the door.
There is an open door here.
You open the door.
A dart slug comes into view.
You shoot a sling bullet. The sling bullet hits the dart slug.
The dart slug is heavily wounded.
You shoot a sling bullet. The sling bullet hits the dart slug.
The dart slug is severely wounded.
The dart slug launches a dart at you.
The slug dart hits you but does no damage.
You shoot a sling bullet. The sling bullet hits the dart slug.
You kill the dart slug!
You open the door.
There is an open door here.
l - a scroll labelled RISTRU RYHOAN No target in view!
You open the door.
A goblin comes into view. It is wielding a +0 club.
The goblin shouts!
Found a silver ring.
A goblin is nearby!
You shoot a sling bullet. The sling bullet hits the goblin.
You kill the goblin!
No target in view!
There is an open door here.
m - a ring of wizardry
m - a ring of wizardry (left hand)
k - a +4 ring of protection (right hand)
You open the door.
There is an open door here.
A kobold comes into view.
It is wielding a +0 whip of electrocution.
A kobold is nearby!
You shoot a sling bullet.
The sling bullet hits the kobold but does no damage.
The kobold shouts!
You shoot a sling bullet. The sling bullet hits the kobold.
The kobold is heavily wounded.
The kobold hits you but does no damage.
You are electrocuted!!
Ouch! That really hurt!
You die...

# # ####### ......###
#####...# ..#####'# #..#
##.## ####### ∆
##.###...###.....#
##'##..⌠..##'###@#
#...##...##...##.K.....#
.....##.##.....##......#
......+'#...)...#+#....#
.....##.##.....## #...#
#...##...##...## #..#
##+##..⌠..##'## ..+ #
##...##...## .#
##.##.....#


You could see a kobold.

Vanquished Creatures
  2 dart slugs (D:1)
  An endoplasm (D:1)
  2 giant cockroaches (D:1)
  A goblin (D:1)
  2 hobgoblins (D:1)
  A quokka (D:1)
  2 bats (D:1)
  4 frilled lizards (D:1)
  3 rats (D:1)
18 creatures vanquished.

Notes
Turn   | Place    | Note
-------+----------+-------------------------------------------
     0 | D:1      | bearlyready the Gnoll Earth Elementalist began the quest
                  | for the Orb.
     0 | D:1      | Reached XP level 1. HP: 13/13 MP: 6/6
   105 | D:1      | Reached XP level 2. HP: 13/20 MP: 4/7
   533 | D:1      | Slain by a kobold

Illustrated notes

Levels and vault maps discovered:
D:1:      psy_arrival_basics, layout_basic, minmay_curled_crystal,
          minmay_fountain_box, st_stairs_1, nicolae_hexahallways,
          skrybe_limestone_x, nicolae_figureground_pulse

Skill      XL: |  1 |
---------------+----+-----
Transmutations | 2 |  2.0
Fighting       | |  0.5
Short Blades   | |  0.5
Long Blades    | |  0.5
Axes           | |  0.5
Maces & Flails | |  0.5
Polearms       | |  0.5
Staves         | |  0.5
Ranged Weapons | |  0.5
Throwing       | |  0.5
Armour         | |  0.5
Dodging        | |  4.5
Stealth        | |  4.1
Shields        | |  0.5
Unarmed Combat | |  0.5
Spellcasting   | |  4.9
Conjurations   | |  0.4
Hexes          | |  0.4
Summonings     | |  0.4
Necromancy     | |  0.4
Translocations | |  0.4
Fire Magic     | |  0.4
Ice Magic      | |  0.4
Air Magic      | |  0.4
Earth Magic    | |  5.4
Poison Magic   | |  0.4
Invocations    | |  0.7
Evocations     | |  0.5

Action                     || total
---------------------------++-------
  Melee: Unarmed           ||    37
         Bite              ||     3
         Punch             ||     1
   Fire: Sling             ||    16
   Cast: Sandblast         ||    10
   Stab: Sleeping          ||     1
 Armour: Robe              ||    12
         Ring mail         ||    11
  Dodge: Dodged            ||    32
